 Dungeon Crawl Stone Soup version 0.28.0-53-g5a82cb258f (webtiles) character file.

Game seed: 1989209646316177968

139734 Qrupt the Warrior (level 16, -25/146 HPs)
             Began as a Palentonga Fighter on Aug 6, 2022.
             Was the Champion of Fedhas.
             Annihilated by a bog body (29 damage)
             ... on level 2 of the Swamp.
             The game lasted 01:39:28 (31425 turns).

Qrupt the Warrior (Palentonga Fighter)             Turns: 31425, Time: 01:39:33

Health: -25/146    AC: 31    Str: 34    XL:     16   Next: 74%
Magic:  25/25      EV:  4    Int: 10    God:    Fedhas [******]
Gold:   2173       SH: 14    Dex: 10    Spells: 15/15 levels left

rFire   + . .      SeeInvis +   i - +9 sword of Zonguldrok {reap}
rCold   . . .      Faith    .   s - +0 tower shield
rNeg    . . .      Spirit   .   Y - +1 plate armour {rPois}
rPois   +          Reflect  .   R - +2 hat {Will+}
rElec   .          Harm     .   e - +2 cloak
rCorr   .          Rampage  .   m - +2 pair of gloves
Will    ++...                   (no barding)
Stlth   ..........              r - amulet of regeneration
HPRegen 1.14/turn               v - ring of flight
MPRegen 0.19/turn               N - +6 ring of strength

@: flying, curled up
A: large, rugged brown scales 3, see invisible, deformed body, roll 1, armoured
tail, reflexive curl, fire resistance 1, strong 1
a: Rolling Charge, Renounce Religion, Wall of Briars, Grow Ballistomycete,
Overgrow, Grow Oklob


You were on level 2 of the Swamp.
You worshipped Fedhas.
Fedhas was exalted by your worship.
You visited 5 branches of the dungeon, and saw 26 of its levels.

You collected 2643 gold pieces.
You spent 470 gold pieces at shops.

Inventory:

Hand Weapons
 i - the +9 sword of Zonguldrok (weapon) {reap}
   (You found it on level 14 of the Dungeon)

   Any living foe damaged by it may be reanimated upon death as a zombie
   friendly to the wielder, with an increasing chance as more damage is dealt.
 C - a +0 flail of draining
 X - the +2 flail of Yredelemnul's Outrage {freeze, rElec Dex+2}
   (You found it on level 3 of the Lair of Beasts)

   It freezes those it strikes, dealing additional cold damage.
   It can also slow down cold-blooded creatures.
   Dex:       It affects your dexterity (+2).
   rElec:     It insulates you from electricity.
Missiles
 J - 47 poisoned darts (quivered)
Armour
 e - a +2 cloak (worn)
 m - a +2 pair of gloves (worn)
 s - a +0 tower shield (worn)
 M - the +7 chain mail of Atesh {Str+5 Dex+3}
   (You found it on level 11 of the Dungeon)

   Str:       It affects your strength (+5).
   Dex:       It affects your dexterity (+3).
 R - a +2 hat of willpower (worn)
 Y - a +1 plate armour of poison resistance (worn)
Jewellery
 b - a +4 ring of protection
 o - a ring of protection from cold
 r - an amulet of regeneration (around neck)
 v - a ring of flight (left hand)
 y - a ring of resist corrosion
 N - a +6 ring of strength (right hand)
Wands
 d - a wand of acid (8)
 j - a wand of polymorph (9)
 x - a wand of charming (12)
 G - a wand of digging (17)
 L - a wand of iceblast (14)
 P - a wand of paralysis (1)
Scrolls
 a - a scroll of acquirement {unknown}
 c - a scroll of summoning {unknown}
 f - 2 scrolls of brand weapon {unknown}
 g - 8 scrolls of blinking
 h - 12 scrolls of teleportation
 k - 4 scrolls of amnesia
 p - 7 scrolls of enchant weapon
 t - 8 scrolls of enchant armour
 u - 5 scrolls of magic mapping
 w - 2 scrolls of immolation {unknown}
 z - 3 scrolls of fog
 E - 2 scrolls of fear
 K - 2 scrolls of torment {unknown}
 O - a scroll of silence
 U - 3 scrolls of holy word
Potions
 l - 6 potions of brilliance
 n - 4 potions of heal wounds
 q - a potion of cancellation
 A - 6 potions of resistance
 B - 5 potions of lignification
 D - a potion of ambrosia
 F - 2 potions of magic {unknown}
 H - 6 potions of flight
 I - a potion of invisibility {unknown}
 T - 7 potions of mutation
 V - a potion of might
 W - 4 potions of curing
 Z - a potion of haste {unknown}
Miscellaneous
 S - a phantom mirror (inert)


   Skills:
 - Level 15.7 Fighting
 + Level 8.2 Long Blades
 - Level 15.3 Maces & Flails
 - Level 13.4 Armour
 - Level 8.1 Shields
 - Level 12.0 Invocations


You had 15 spell levels left.
You didn't know any spells.
Your spell library contained the following spells:

 Spells                   Type           Power      Damage    Failure   Level
 Pain                     Necr           0%         1d4       100%        1
 Sting                    Tmut/Pois      0%         1d3       100%        1
 Summon Small Mammal      Summ           0%         N/A       100%        1
 Poisonous Vapours        Pois/Air       0%         N/A       100%        2
 Call Canine Familiar     Summ           0%         N/A       100%        3
 Confusing Touch          Hex            0%         N/A       100%        3
 Conjure Flame            Conj/Fire      0%         6-21      100%        3
 Ignite Poison            Fire/Tmut/Pois 0%         N/A       100%        3
 Mephitic Cloud           Conj/Pois/Air  0%         N/A       100%        3
 Summon Guardian Golem    Hex/Summ       0%         N/A       100%        3
 Animate Armour           Summ/Erth      0%         N/A       100%        4
 Animate Dead             Necr           0%         N/A       100%        4
 Leda's Liquefaction      Hex/Erth       0%         N/A       100%        4
 Olgreb's Toxic Radiance  Pois           0%         N/A       100%        4
 Passage of Golubria      Tloc           0%         N/A       100%        4
 Sticky Flame             Conj/Fire      0%         2d3       100%        4
 Agony                    Necr           0%         N/A       100%        5
 Blade Hands              Tmut           0%         N/A       100%        5
 Borgnjor's Vile Clutch   Necr/Erth      0%         N/A       100%        5
 Excruciating Wounds      Necr           0%         N/A       100%        5
 Freezing Cloud           Conj/Ice/Air   0%         6-21      100%        5
 Lee's Rapid Deconstruct  Erth           0%         3d5*      100%        5
 Silence                  Hex/Air        0%         N/A       100%        5
 Summon Forest            Summ/Tloc      0%         N/A       100%        5
 Yara's Violent Unravell  Hex/Tmut       0%         3d3       100%        5
 Death Channel            Necr           0%         N/A       100%        6
 Eringya's Noxious Bog    Tmut/Pois      0%         N/A       100%        6
 Iron Shot                Conj/Erth      0%         9d1       100%        6
 Statue Form              Tmut/Erth      0%         N/A       100%        6
 Enfeeble                 Hex            0%         N/A       100%        7
 Summon Hydra             Summ           0%         N/A       100%        7
 Lehudib's Crystal Spear  Conj/Erth      0%         10d2      100%        8


Dungeon Overview and Level Annotations

Branches:
Dungeon (15/15)            Temple (0/1) D:4            Lair (6/6) D:8
  Swamp (2/4) Lair:2        Snake (1/4) Lair:4        Slime (0/5) Lair:6
    Orc (2/2) D:10            Elf (0/3) Orc:2        Vaults (0/5) D:14
 Depths (0/4) D:15

Altars:
Ashenzari
Cheibriados
Elyvilon
Fedhas
Gozag
Kikubaaqudgha
Qazlal
Ru
Sif Muna
Trog
Uskayaw
Wu Jian
Zin
The Shining One
Beogh

Shops:
D:3 *   D:4 *   D:5 *   D:6 (   D:8 *   D:12 :   D:14 =   Orc:2 *=*[

Portals:
Pandemonium: Orc:2

Annotations:
D:11 1 runed translucent door, ciphuk's ghost, novice FeSu


Innate Abilities, Weirdness & Mutations

You are completely covered in rugged brown scales. (AC +3, +7% HP)
You have supernaturally acute eyesight. (SInv)
Armour fits poorly on your strangely shaped body.
You can roll at nearby foes to attack.
You have a long armoured tail.
You curl defensively after being hit. (AC +7*)
Your flesh is heat resistant. (rF+)
Your muscles are strong. (Str +2)


Message History

You slice the goliath frog!!
You kill the goliath frog!
Fedhas appreciates your contribution to the ecosystem.
You are engulfed in freezing vapours.
The bog body touches you but does no damage.
You block the tyrant leech's attack.
You closely miss the tyrant leech. The bog body touches you.
The bog body freezes you! The tyrant leech bites you.
The tyrant leech draws strength from your injuries!
You closely miss the tyrant leech.
Your tail-slap misses the tyrant leech.
The bog body touches you but does no damage.
The tyrant leech barely misses you. You block the bog body's attack.
You closely miss the tyrant leech. The tyrant leech bites you!
The tyrant leech draws strength from your injuries!
The bog body touches you but does no damage.
You slice the tyrant leech!!
Your tail-slap misses the tyrant leech.
The tyrant leech is heavily wounded.
The bog body gestures at you while chanting.
The bolt of cold hits you!!!
* * * LOW HITPOINT WARNING * * *
The tyrant leech bites you.
* * * LOW HITPOINT WARNING * * *
The tyrant leech draws strength from your injuries!
You slice the tyrant leech!!
The tyrant leech is severely wounded.
You are engulfed in freezing vapours.
* * * LOW HITPOINT WARNING * * *
The bog body touches you but does no damage.
The tyrant leech bites you!
* * * LOW HITPOINT WARNING * * *
The tyrant leech draws strength from your injuries!
The bog body touches you but does no damage.
You slash the tyrant leech!
Your tail-slap misses the tyrant leech.
The tyrant leech is severely wounded.
The tyrant leech bites you but does no damage.
The bog body touches you!
* * * LOW HITPOINT WARNING * * *
The bog body freezes you!!
You die...
Fedhas appreciates your contribution to the ecosystem.

....#. ♣♣♣.≈≈ .....)
....#.♣♣♣♣≈♣♣.♣..≈≈≈.≈≈
#...♣.♣≈.≈♣.♣♣≈.....≈.
♣....♣.≈....≈...≈..≈..
♣.♣♣..♣....≈......♣..≈
♣♣≈♣♣≈♣♣♣♣.....≈...≈...
♣♣≈.≈♣†♣ ♣♣♣≈≈....≈♣..≈
♣.≈.≈≈≈♣♣♣ ♣♣.....≈.≈≈≈§
♣♣...♣.♣.♣♣♣§..≈@n.≈≈...
♣...♣...≈..♣≈...w..§≈≈≈.
♣<..§..♣≈......≈.§≈.....
≈♣≈.≈≈≈♣♣♣≈..≈...≈.≈!≈≈.
≈≈≈≈)≈≈♣♣♣.≈≈♣≈.≈≈≈♣≈.≈≈
.≈≈≈≈≈≈≈♣♣♣≈♣♣♣.♣.≈.≈≈..
.≈≈≈.§≈..♣♣♣ ♣♣♣...§..♣
..≈♣.≈≈§...♣♣♣♣ ♣≈♣♣.♣♣
...≈.≈......≈≈♣


You could see a tyrant leech and a bog body.

Vanquished Creatures
  Kirke (D:12)
  Frances (D:13)
  An orc warlord (Orc:2)
  Nessos (D:15)
  An eleionoma (Swamp:1)
  A bunyip (Swamp:1)
  Josephine (Orc:1)
  A yaktaur captain (D:14)
  13 hydras
  3 boulder beetles
  An ogre mage (D:11)
  Erica (D:10)
  The ghost of Puadotz the Destroyer, a journeyman DgCj (Lair:4)
  A ghost crab (Lair:2)
  A centaur warrior (D:14)
  A catoblepas (Lair:4)
  11 two-headed ogres
  An anaconda (Snake:1)
  3 demonspawn (Orc:2)
  4 alligators
  3 death yaks
  A tengu warrior (D:14)
  4 orc high priests (Orc:2)
  Urug (Lair:1)
  A sixfirhy (Orc:2)
  2 spriggan riders (Swamp:2)
  3 goliath frogs
  A naga ritualist (Snake:1)
  5 spriggan druids
  A swamp dragon (Lair:2)
  4 bog bodies
  3 lindwurms
  3 wolf spider zombies (D:14)
  2 wizards
  4 deep elf pyromancers
  4 orc sorcerers (Orc:2)
  5 orc knights
  2 mana vipers (Snake:1)
  3 manticores
  A deep elf zephyrmancer (D:15)
  5 ugly things
  2 will-o-the-wisps
  3 wolf spiders (D:12)
  3 cyclopes
  Joseph (D:6)
  8 black mambas
  A naga mage (D:15)
  A smoke demon (Orc:2)
  14 cane toads
  6 orange demons
  A gargoyle (D:12)
  5 rime drakes
  4 komodo dragons
  2 unseen horrors (D:12)
  3 kobold demonologists
  7 yaktaurs
  A yaktaur (shapeshifter) (D:15)
  4 red devils (D:10)
  A tengu conjurer (D:14)
  A hellwing (Orc:2)
  3 meliai (D:15)
  7 hornets
  A hornet (shapeshifter) (D:12)
  5 polar bears
  4 trolls
  18 blink frogs
  4 tyrant leeches
  Prince Ribbit (D:7)
  15 slime creatures
  A harpy skeleton (D:14)
  15 dream sheep
  2 meliai zombies
  A centaur simulacrum (D:15)
  A vampire (D:11)
  2 jumping spiders
  3 shadows
  66 yaks
  4 wraiths
  18 spriggans
  6 wyverns
  5 basilisks
  A neqoxec (Orc:2)
  A redback (D:12)
  9 vampire mosquitoes
  Grum (D:10)
  3 nagas (Lair:4)
  7 wargs
  An acid dragon (D:8)
  8 swamp worms
  12 water moccasins
  Duvessa (D:5)
  30 orc warriors
  An ice beast (D:7)
  A sky beast (D:6)
  8 black bears
  7 ogres
  A hornet zombie (D:14)
  8 boggarts (Lair:6)
  50 wolves
  6 centaurs
  5 kobold brigands
  13 bullfrogs
  3 scorpions
  Dowan (D:5)
  9 wights
  An electric eel (Lair:2)
  10 centaur zombies
  2 jellies
  3 lava snakes (D:12)
  A bullfrog skeleton (D:4)
  19 orc priests
  3 hounds
  12 centaur skeletons
  2 iguanas (D:5)
  18 orc wizards
  5 hell rats (Lair:2)
  A hound zombie (D:5)
  A mummy (D:8)
  3 howler monkey zombies
  5 gnolls
  8 adders
  2 shadow imps (D:7)
  A white imp (D:8)
  An adder skeleton (D:4)
  3 worms
  4 dart slugs
  60 orcs
  11 ball pythons
  6 bats
  9 endoplasms
  2 giant cockroaches
  9 goblins
  5 hobgoblins
  2 jackals
  4 quokkas
  9 frilled lizards
  31 kobolds
  5 rats
802 creatures vanquished.

Vanquished Creatures (collateral kills)
  A bone dragon (D:14)
  A hydra (Swamp:1)
  An alligator (Lair:2)
  An orc high priest (Orc:2)
  2 orc knights (Orc:2)
  A swamp dragon (Swamp:1)
  A necromancer (D:15)
  2 orc sorcerers (Orc:2)
  A hornet (Swamp:2)
  A spriggan (Swamp:2)
  3 wraiths (Orc:1)
  3 vampire mosquitoes (Swamp:1)
  A swamp worm (Swamp:1)
  2 orc warriors
  A swamp drake (Swamp:1)
  2 orc wizards (Orc:1)
  An orc (Orc:1)
25 creatures vanquished.

Vanquished Creatures (others)
  An alligator (Swamp:1)
  A will-o-the-wisp (Swamp:1)
  A bloated husk (Swamp:1)
  A kobold (D:8)
  A quokka (D:8)
  13 foxfires
  59 fungi
  85 plants
  12 withered plants
174 creatures vanquished.

Grand Total: 1001 creatures vanquished

Notes
Turn   | Place    | Note
-------+----------+-------------------------------------------
     0 | D:1      | Qrupt the Palentonga Fighter began the quest for the Orb.
     0 | D:1      | Reached XP level 1. HP: 19/19 MP: 1/1
    85 | D:2      | Found a faded altar of an unknown god.
   181 | D:1      | Reached XP level 2. HP: 25/25 MP: 2/2
   412 | D:1      | Reached XP level 3. HP: 31/31 MP: 3/3
  1677 | D:2      | Reached XP level 4. HP: 12/37 MP: 4/4
  1999 | D:2      | Found a blossoming altar of Fedhas.
  2100 | D:2      | Became a worshipper of Fedhas Madash
  2616 | D:3      | Found an opulent altar of Gozag.
  2616 | D:3      | Found Gozag's Platinum Reserve.
  2893 | D:3      | Found a blossoming altar of Fedhas.
  2897 | D:3      | Found a bloodstained altar of Trog.
  3034 | D:3      | Reached * piety under Fedhas
  3465 | D:3      | Found a stormy altar of Qazlal.
  3503 | D:2      | Reached XP level 5. HP: 43/44 MP: 5/5
  3842 | D:4      | Found a staircase to the Ecumenical Temple.
  4083 | D:5      | Entered Level 5 of the Dungeon
  4109 | D:4      | Reached XP level 6. HP: 46/51 MP: 6/6
  4308 | D:4      | Found Qugonepp's Assorted Antiques.
  4317 | D:4      | Bought an iron wand for 108 gold pieces
  4603 | D:5      | Found a hide-covered altar of Uskayaw.
  4644 | D:5      | Noticed Dowan
  4644 | D:5      | Noticed Duvessa
  4661 | D:5      | Killed Duvessa
  4662 | D:5      | Gained mutation: You curl defensively after being hit. (AC
                  | +7*) [Palentonga growth]
  4662 | D:5      | Reached XP level 7. HP: 58/58 MP: 7/7
  4678 | D:5      | Killed Dowan
  5089 | D:5      | Found Pekoqeh's General Store.
  5094 | D:5      | Bought a scroll of fear for 49 gold pieces
  5277 | D:5      | Reached skill level 5 in Fighting
  5309 | D:6      | Reached ** piety under Fedhas
  5460 | D:6      | Found an ornate altar of the Wu Jian Council.
  5563 | D:6      | Found Dasixann's Antique Weapon Boutique.
  5610 | D:6      | Reached XP level 8. HP: 59/67 MP: 8/8
  5711 | D:6      | Reached skill level 5 in Maces & Flails
  5797 | D:6      | Found a shimmering blue altar of Sif Muna.
  6236 | D:7      | Noticed Joseph
  6290 | D:7      | Noticed a two-headed ogre
  6300 | D:6      | Reached skill level 5 in Armour
  6300 | D:6      | Reached skill level 5 in Shields
  6317 | D:7      | Noticed Prince Ribbit
  6336 | D:6      | Killed Joseph
  6380 | D:7      | Killed a two-headed ogre
  6381 | D:7      | Reached XP level 9. HP: 65/77 MP: 9/9
  6485 | D:7      | Killed Prince Ribbit
  6817 | D:7      | Found a sacrificial altar of Ru.
  6935 | D:7      | Reached *** piety under Fedhas
  7177 | D:8      | Reached skill level 1 in Invocations
  7263 | D:8      | Found a snail-covered altar of Cheibriados.
  7351 | D:8      | Found a white marble altar of Elyvilon.
  7397 | D:8      | Found a glowing golden altar of the Shining One.
  7498 | D:8      | Reached XP level 10. HP: 73/81 MP: 12/12
  7711 | D:8      | Reached **** piety under Fedhas
  7723 | D:8      | Found a broken altar of Ashenzari.
  7856 | D:8      | Found a staircase to the Lair.
  7960 | D:8      | Found Botuom's General Store.
  8463 | D:9      | Noticed a two-headed ogre
  8496 | D:9      | Killed a two-headed ogre
  8497 | D:9      | Reached skill level 5 in Invocations
  8976 | D:9      | Found an ancient bone altar of Kikubaaqudgha.
  9107 | D:10     | Entered Level 10 of the Dungeon
  9144 | D:10     | Noticed an orange demon
  9144 | D:10     | Noticed an orange demon
  9144 | D:10     | Noticed an orange demon
  9144 | D:10     | Noticed an orange demon
  9265 | D:9      | Killed an orange demon
  9300 | D:10     | Reached XP level 11. HP: 67/95 MP: 15/15
  9570 | D:10     | Noticed Grum
  9628 | D:10     | Killed Grum
  9668 | D:10     | Noticed Erica
  9694 | D:10     | Killed Erica
  9960 | D:10     | HP: 3/96 [orange demon (10)]
 10133 | D:10     | Reached skill level 10 in Fighting
 10149 | D:10     | Reached ***** piety under Fedhas
 10324 | D:10     | Noticed a two-headed ogre
 10348 | D:10     | Killed a two-headed ogre
 10942 | D:10     | Reached skill level 10 in Maces & Flails
 10966 | D:10     | Found a staircase to the Orcish Mines.
 11345 | Orc:1    | Entered Level 1 of the Orcish Mines
 11582 | Orc:1    | Noticed an orc knight
 11614 | D:10     | Killed an orc knight
 11945 | Orc:1    | Noticed Josephine
 11954 | Orc:1    | Noticed an orc knight
 11958 | Orc:1    | Reached XP level 12. HP: 82/105 MP: 12/18
 11972 | Orc:1    | Killed Josephine
 12323 | Lair:1   | Entered Level 1 of the Lair of Beasts
 12323 | Lair:1   | Noticed Urug
 12426 | Lair:1   | Killed Urug
 14150 | Lair:2   | Reached skill level 10 in Armour
 14277 | Lair:2   | Identified the +1 scale mail "Guyrphos" {rPois Str+3 Int+5
                  | Stlth-}
 14679 | Lair:2   | Reached skill level 10 in Invocations
 14679 | Lair:2   | Reached XP level 13. HP: 98/110 MP: 20/20
 15151 | Lair:2   | Found a staircase to the Swamp.
 15963 | Lair:3   | Identified the +2 flail of Yredelemnul's Outrage {freeze,
                  | rElec Dex+2}
 16263 | Lair:3   | Reached ****** piety under Fedhas
 16562 | Lair:4   | Noticed Puadotz's ghost (journeyman DgCj)
 16591 | Lair:4   | Found a runed translucent gate.
 17313 | Lair:4   | Found a runed translucent gate.
 17313 | Lair:4   | Found a runed translucent gate.
 17407 | Lair:4   | Found a staircase to the Snake Pit.
 18003 | Lair:4   | Killed Puadotz's ghost
 18967 | Lair:5   | Reached XP level 14. HP: 126/126 MP: 22/22
 18997 | Lair:6   | Entered Level 6 of the Lair of Beasts
 19181 | Lair:6   | Found a staircase to the Slime Pits.
 19278 | Lair:6   | Paralysed by a hornet for 3 turns
 20774 | Lair:6   | Identified the +7 glaive of the Snake Pit {freeze, rElec
                  | Int-2 Dex+4}
 21073 | Orc:2    | Entered Level 2 of the Orcish Mines
 21235 | Orc:2    | Found a staircase to the Elven Halls.
 21579 | Orc:2    | Noticed an orc warlord
 21596 | Orc:2    | Killed an orc warlord
 22109 | Orc:2    | Found Wajece's General Store.
 22225 | Orc:2    | Found Zusch's General Store.
 22245 | Orc:2    | Gained mutation: You tend to lose your temper in combat. [a
                  | neqoxec]
 22247 | Orc:2    | Gained mutation: Your spells are a little easier to cast,
                  | but a little less powerful. [a neqoxec]
 22945 | Orc:2    | Reached XP level 15. HP: 135/135 MP: 24/24
 22975 | Orc:2    | Found Viesiz's Antique Armour Boutique.
 22975 | Orc:2    | Found Olahoerph's Jewellery Shop.
 22975 | Orc:2    | Found a one-way gate leading to the halls of Pandemonium.
 23028 | Orc:2    | Bought a pair of warped gloves for 313 gold pieces
 23028 | Orc:2    | Identified the +0 pair of gloves of Catatonia {rN++ Will+
                  | Str-3} (You bought it in a shop on level 2 of the Orcish
                  | Mines)
 23561 | D:11     | Identified the +7 chain mail of Atesh {Str+5 Dex+3}
 23645 | D:11     | Found a runed translucent door.
 23645 | D:11     | Noticed ciphuk's ghost (novice FeSu)
 24416 | D:12     | Found a runed translucent door.
 25084 | D:12     | Found Deetuc's Book Emporium.
 25559 | D:12     | Found a runed translucent gate.
 25559 | D:12     | Found a runed translucent gate.
 25559 | D:12     | Identified the +1 whip of Fate {pain, Int+2}
 25560 | D:12     | Found a runed translucent gate.
 25560 | D:12     | Found a runed translucent gate.
 25560 | D:12     | Found a runed translucent gate.
 25561 | D:12     | Found a runed translucent gate.
 25648 | D:12     | Identified the ring of False Hope {Wiz Int+4}
 25877 | D:13     | Noticed Kirke
 25940 | D:12     | Killed Kirke
 26167 | D:13     | Reached skill level 15 in Fighting
 26417 | D:13     | Noticed Frances
 26444 | D:13     | Killed Frances
 26737 | D:14     | Reached skill level 15 in Maces & Flails
 26804 | D:14     | Found Pyzouto's Jewellery Shoppe.
 26950 | D:14     | Found a gate to the Vaults.
 27191 | D:14     | Found the +9 sword of Zonguldrok {reap}
 27191 | D:14     | Noticed a bone dragon
 27206 | D:14     | Killed a bone dragon
 27434 | D:14     | Reached XP level 16. HP: 145/145 MP: 25/25
 27992 | D:15     | Entered Level 15 of the Dungeon
 28300 | D:15     | Reached skill level 1 in Long Blades
 28369 | D:15     | Noticed Nessos
 28954 | D:15     | Killed Nessos
 29005 | D:15     | Found a staircase to the Depths.
 29314 | Snake:1  | Entered Level 1 of the Snake Pit
 29398 | Snake:1  | HP: 3/145 [poisoned by a naga ritualist (toxic radiance)]
 29598 | Swamp:1  | Entered Level 1 of the Swamp
 30051 | Lair:2   | HP: 7/146 [poisoned by a swamp dragon (poison gas)]
 30056 | Lair:2   | HP: 6/146 [poisoned by a swamp dragon (poison gas)]
 30201 | Swamp:1  | Reached skill level 5 in Long Blades
 30241 | Swamp:1  | Found a glowing silver altar of Zin.
 30427 | Swamp:1  | Paralysed by a spriggan for 7 turns
 30452 | Swamp:1  | Lost mutation: Your spells are a little easier to cast, but
                  | a little less powerful. [potion of mutation]
 30452 | Swamp:1  | Lost mutation: You tend to lose your temper in combat.
                  | [potion of mutation]
 30452 | Swamp:1  | Gained mutation: Your muscles are strong. (Str +2) [potion
                  | of mutation]
 30452 | Swamp:1  | Gained mutation: Your flesh is heat resistant. (rF+)
                  | [potion of mutation]
 31425 | Swamp:2  | HP: 4/146 [bog body (10)]
 31425 | Swamp:2  | Annihilated by a bog body

Illustrated notes

Levels and vault maps discovered:
D:1:      lemuel_arrival_room, layout_loops_ring, minmay_misc_feat_iff,
          minmay_lizard_king
D:2:      layout_rooms, nicolae_ecumenical_pavilion, serial_curves,
          eino_curves_01, eino_curves_03, basic_altar, st_stairs_10,
          minmay_misc_feat_chi, minmay_misc_feat_hallway, eino_curves_04,
          corner_web_ring
D:3:      layout_rooms, grunt_temple_overflow_forces_of_nature,
          nicolae_gozag_zags_fifth_avenue, trog_antimagical
D:4:      layout_basic, minmay_temple_entry_glass, serial_shops, shop_fountains,
          eino_curves_03, minmay_crystal_room, minmay_misc_feat_roman
D:5:      layout_rooms, amcnicky_altar_gilded, serial_shops,
          kennysheep_little_box, uniq_duvessa
D:6:      layout_cave_pools, kennysheep_orc_sif_temple,
          mainiacjoe_overflow_concentric_impassable, serial_shops, shop,
          minmay_holes
D:7:      layout_rooms, nicolae_ru_sacrificial_ziggurat, nrook_loot_triangle,
          uniq_joseph, uniq_prince_ribbit1
D:8:      layout_loops_ring, elyvilon_altar_4, ashenzari_conservatory_becter,
          slow_altar_2, lemuel_tele_altar, dpeg_oklobed_lair, serial_shops,
          nicolae_shop_trees
D:9:      layout_loops_ring, kiku_gazebo_garden_becter
D:10:     layout_layer_cave, david_orc_1_choice, small_statue_alley_a,
          minmay_beelzebubs_servants, uniq_grum, uniq_erica
D:11:     kennysheep_blocky_hall, layout_irregular_city, gammafunk_ghost_grave
D:12:     gammafunk_indiana_jones, layout_basic, serial_shops,
          kennysheep_mini_moat, kennysheep_generic_room_8
D:13:     layout_roguey, pond, uniq_kirke, uniq_frances
D:14:     layout_gridville, david_vaults_2, minivault_19, serial_shops,
          shop_fountains, minmay_guarded_unrand_zonguldrok
D:15:     grunt_enter_depths_magical_seal, layout_rooms, skrybe_limestone_x,
          uniq_nessos
Lair:1:   layout_chaotic_city, minivault_27, grunt_forest_large_clearings,
          lemuel_fruit_tree, uniq_urug
Lair:2:   layout_layer_cave, nicolae_swamp_entry_splash_gauntlet
Lair:3:   layout_cave_pods, beast_lair_carwin_3
Lair:4:   layout_cave_pods, minmay_snake_entry_guardpost_small,
          gammafunk_ghost_split, kennysheep_basilisk_garden
Lair:5:   layout_concentric_octagons
Lair:6:   minmay_lair_end_enchanted_forest, layout_hall_layers, slime_dummy,
          serial_bayou_pond_d, lookout_lair_type, kilobyte_rumbling_trees
Swamp:1:  layout_basic_swamp, nicolae_swamp_ascending_descending, swamp_pool3,
          lemuel_altar_in_water, nicolae_swamp_spriggan_camp
Swamp:2:  layout_falls_marsh, evilmike_swamp_ruin_house_6
Snake:1:  layout_chambers, nrook_guardian_serpent_ordinary
Orc:1:    layout_caves, basic_altar, uniq_josephine
Orc:2:    pf_orc_diabolical, layout_diamond_mine

Skill      XL: |  1  2  3  4  5  6  7  8  9 10 11 12 13 14 15 16 |
---------------+-------------------------------------------------+-----
Shields        | 3 4 5 7 8 |  8.1
Armour         | 3 4 5 6 7 9 10 11 12 13 | 13.4
Maces & Flails | 3 4 6 7 9 10 11 12 14 15 | 15.3
Fighting       | 4 5 7 8 9 10 11 13 14 15 | 15.7
Invocations    | 3 5 8 10 11 12 | 12.0
Long Blades    | 8 |  8.2

Action                   |  1- 3 |  4- 6 |  7- 9 | 10-12 | 13-15 | 16-18 || total
-------------------------+-------+-------+-------+-------+-------+-------++-------
Melee: Flail             |   140 |   175 |   305 |   840 |  1733 |   230 ||  3423
       Tailslap          |     8 |    23 |    41 |   133 |   328 |    83 ||   616
       Scimitar          |       |       |       |       |    14 |       ||    14
       Unarmed           |       |       |       |       |    15 |       ||    15
       Double sword      |       |       |       |       |       |   216 ||   216
Throw: Dart              |       |       |       |     4 |       |       ||     4
Invok: Grow Oklob        |       |       |       |     2 |     2 |       ||     4
 Abil: Rolling Charge    |     2 |     2 |     8 |     4 |       |     1 ||    17
Evoke: Wand              |       |       |    10 |       |       |     3 ||    13
       Phantom mirror    |       |       |       |       |     1 |     2 ||     3
  Use: Scroll            |       |     4 |     2 |     7 |     9 |     7 ||    29
       Potion            |       |     5 |     2 |     2 |       |     6 ||    15
 Stab: Paralysed         |       |       |     2 |       |       |       ||     2
       Distracted        |       |       |       |       |       |     1 ||     1
Armor: Scale mail        |   103 |    98 |   122 |       |       |       ||   323
       Plate armour      |       |       |    47 |   561 |   740 |   176 ||  1524
       Chain mail        |       |       |       |       |   397 |   392 ||   789
Dodge: Dodged            |    61 |    52 |    85 |   197 |   429 |   135 ||   959
Block: Buckler           |    29 |    43 |    70 |   171 |   366 |       ||   679
       Tower shield      |       |       |       |       |     1 |   461 ||   462
